 Dungeon Crawl Stone Soup version 0.27-a0-75-g9f9dfd16e9 (webtiles) character file.

Game seed: 14513137691244126644

327 knot the Chopper (level 6, 32/47 HPs)
             Began as a Demonspawn Berserker on Jan 13, 2021.
             Was a Believer of Trog.
             Quit the game on level 3 of the Dungeon.
             The game lasted 00:01:58 (2899 turns).

knot the Chopper (Demonspawn Berserker)             Turns: 2899, Time: 00:01:58

Health: 32/47      AC:  7    Str: 17    XL:     6   Next: 24%
Magic:  6/6        EV: 10    Int: 10    God:    Trog [**....]
Gold:   95         SH:  0    Dex: 13    Spells: 5/5 levels left

rFire    . . .     SeeInvis .   a - +0 hand axe
rCold    + . .     Faith    .   (no shield)
rNeg     . . .     Spirit   .   p - +1 scale mail {rC+}
rPois    .         Reflect  .   (helmet restricted)
rElec    .         Harm     .   (no cloak)
rCorr    .         Rampage  .   (no gloves)
Will     .....                  (no boots)
Stlth    ..........             (no amulet)
HPRegen  0.15/turn              (no ring)
MPRegen  0.10/turn              (no ring)

@: no status effects
A: antennae 2, powered by pain 1, sanguine armour 2
a: Renounce Religion, Berserk, Trog's Hand


You were on level 3 of the Dungeon.
You worshipped Trog.
Trog was pleased with you.
You visited 1 branch of the dungeon, and saw 3 of its levels.

You collected 95 gold pieces.

Inventory:

Hand Weapons
 a - a +0 hand axe (weapon)
Missiles
 i - 58 stones
 k - 82 sling bullets
 l - 3 boomerangs
 m - 21 poisoned darts
Armour
 p - a +1 scale mail of cold resistance (worn)
Scrolls
 b - a scroll of random uselessness {unknown}
 c - a scroll of identify {unknown}
 d - a scroll of immolation {unknown}
 e - a scroll of blinking {unknown}
 f - 3 scrolls of remove curse {unknown}
 g - 3 scrolls of teleportation {unknown}
Potions
 h - 3 potions of heal wounds {unknown}
 j - 2 potions of degeneration {unknown}
 n - 3 potions of curing {unknown}
 o - a potion of brilliance {unknown}


   Skills:
 - Level 3.0 Fighting
 + Level 6.5 Axes
 - Level 1.7 Armour
 - Level 1.7 Dodging


You had 5 spell levels left.
You didn't know any spells.
Your spell library was empty.

Dungeon Overview and Level Annotations

Branches:
Dungeon (3/15)

Altars:


Innate Abilities, Weirdness & Mutations

You have a pair of antennae on your head.
You sometimes gain a little power by taking damage.
When seriously injured, your bleeding wounds create thick armour. (AC +0)


Message History

The bullfrog hits you. The bullfrog barely misses you.
You hit the bullfrog but do no damage.
The bullfrog is almost dead.
The bullfrog hits you but does no damage.
You barely miss the bullfrog.
The bullfrog is almost dead.
The bullfrog hits you. The bullfrog closely misses you.
You hit the bullfrog.
The bullfrog is almost dead.
The bullfrog swells and bulges.
The bullfrog hits you but does no damage.
You hit the bullfrog.
You kill the bullfrog!
Trog accepts your kill.
You have reached level 6!
Your experience leads to an increase in your attributes!
Increase (S)trength, (I)ntelligence, or (D)exterity?
You feel clever.
Your demonic ancestry asserts itself...
You feel energised by your suffering.
Are you sure you want to abandon this character and quit the game? (Confirm with "yes".)

#........
#......).
#########.......†
#................
#.####...........
#.#......########
≈ #.#.#....# #
....####.#.#.####
# #.?....@?#.#.#
# #..#######.#.#
# #.#.# ##
#.#.####### #.
##.#.#.....# #.
#.<....###.####.
##....[.#........
#..)....#.#.....#
#.......#.#.....#


There were no monsters in sight!

Vanquished Creatures
  Sigmund (D:2)
  A bullfrog (D:3)
  Terence (D:2)
  3 adders
  An ooze (D:1)
  3 worms
  A dart slug (D:2)
  A leopard gecko (D:3)
  An orc (D:3)
  A ball python (D:1)
  3 giant cockroaches
  2 goblins
  5 hobgoblins
  A quokka (D:2)
  3 bats (D:1)
  2 frilled lizards
  10 kobolds
  6 rats
46 creatures vanquished.

Notes
Turn   | Place    | Note
-------+----------+-------------------------------------------
     0 | D:1      | knot the Demonspawn Berserker began the quest for the Orb.
     0 | D:1      | Reached XP level 1. HP: 18/18 MP: 1/1
    96 | D:1      | Reached skill level 3 in Axes
   412 | D:1      | Gained mutation: You have a pair of small antennae on your
                  | head. [demonic ancestry]
   412 | D:1      | Reached XP level 2. HP: 23/24 MP: 2/2
  1315 | D:2      | Reached ** piety under Trog
  1400 | D:2      | Gained mutation: You have a pair of antennae on your head.
                  | [demonic ancestry]
  1400 | D:2      | Reached XP level 3. HP: 28/29 MP: 3/3
  1513 | D:2      | Reached skill level 4 in Axes
  1584 | D:2      | Noticed Sigmund
  1595 | D:2      | Killed Sigmund
  1596 | D:2      | Reached skill level 5 in Axes
  1596 | D:2      | Gained mutation: When seriously injured, your bleeding
                  | wounds create armour. (AC +0) [demonic ancestry]
  1596 | D:2      | Reached XP level 4. HP: 35/35 MP: 4/4
  1596 | D:2      | Gained mutation: When seriously injured, your bleeding
                  | wounds create thick armour. (AC +0) [demonic ancestry]
  1596 | D:2      | Reached XP level 5. HP: 41/41 MP: 5/5
  2029 | D:2      | Noticed Terence
  2043 | D:2      | Killed Terence
  2445 | D:2      | Reached skill level 6 in Axes
  2812 | D:3      | Found a faded altar of an unknown god.
  2899 | D:3      | Gained mutation: You sometimes gain a little power by
                  | taking damage. [demonic ancestry]
  2899 | D:3      | Reached XP level 6. HP: 32/47 MP: 6/6
  2899 | D:3      | Quit the game

Illustrated notes

Levels and vault maps discovered:
D:1:      dpeg_arrival_connections, layout_loops_cross
D:2:      layout_loops_corners, uniq_sigmund, uniq_terence
D:3:      layout_basic, chequers_ecumenical_altar_simple, serial_glass,
          glass_columns_a, glass_columns_c, corexii_item_surrounded_by_moat

Skill      XL: |  1  2  3  4  5 |
---------------+----------------+-----
Axes           | 3 5 6 |  6.5
Fighting       | |  3.0
Armour         | |  1.7
Dodging        | |  1.7

Action                   |  1- 3 |  4- 6 || total
-------------------------+-------+-------++-------
Melee: Hand axe          |    76 |   111 ||   187
Invok: Berserk           |     4 |     1 ||     5
       Trog's Hand       |     1 |       ||     1
 Stab: Sleeping          |     1 |       ||     1
Armor: Animal skin       |    23 |       ||    23
       Scale mail        |       |    37 ||    37
Dodge: Dodged            |    58 |    55 ||   113

Table legend: (Time is in decaauts)
 A = Elapsed time spent in this place.
 B = Non-inter-level travel time spent in this place.
 C = Inter-level travel time spent in this place.
 D = Time resting spent in this place.
 E = Time spent auto-exploring this place.
 F = Levels seen in this place.
 G = Mean time per level.
                   A        B        C        D        E       F      G
               +--------+--------+--------+--------+--------+-----+--------+
         Total |   2956 |   2893 |     63 |    970 |   1563 |   3 |  985.3 |
       Dungeon |   2956 |   2893 |     63 |    970 |   1563 |   3 |  985.3 |
               +--------+--------+--------+--------+--------+-----+--------+

Top non-repeatable levels by time:
     D:2: 1386 daAuts
     D:1: 1242 daAuts
     D:3: 327 daAuts
